Sound Tigers vs Crunch
Created - May 13, 2021 at 18:59
Goals
|
| Sound Tigers |
0 |
4 |
3 |
0 |
7 |
| Crunch |
3 |
2 |
2 |
1 |
8 |
|
Shots
|
| Sound Tigers |
10 |
10 |
16 |
0 |
36 |
| Crunch |
13 |
6 |
7 |
1 |
27 |
|
1st period
1. Crunch , Oscar Sundqvist 40 (Jeremy Lauzon 30) at 2:25 (PP)
2. Crunch , Teemu Hartikainen 22 (Noah Hanifin 17, Dalton Smith 9) at 14:25
3. Crunch , William Nylander 31 (Matt Tennyson 27, Kaapo Kahkonen) at 19:09
Penalties :
Julian Melchiori (Sou) for Holding (Minor) at 1:06, Teemu Hartikainen (Syr) for Slashing (Minor) at 15:44
2nd period
4. Crunch , Pontus Aberg 41 (Oscar Sundqvist 51) at 0:34
5. Sound Tigers , Ben Thomson 18 (Brian Ferlin 40, Joe Labate 27) at 3:10
6. Sound Tigers , James Sheppard 44 (Andrew Shaw 56) at 5:25 (PP)
7. Crunch , Cody Goloubef 18 (William Nylander 41, Oscar Sundqvist 52) at 11:15
8. Sound Tigers , Borna Rendulic 12 (Julian Melchiori 26, Pavel Kraskovsky 8) at 12:26
9. Sound Tigers , Borna Rendulic 13 (Pavel Kraskovsky 9, Connor Murphy 53) at 17:30
Penalties :
Dylan Strome (Syr) for Hooking (Minor) at 0:48, Teemu Hartikainen (Syr) for Hooking (Minor) at 4:45, Cody Goloubef (Syr) for Hooking (Minor) at 5:36, Dylan Strome (Syr) for Tripping (Minor) at 13:05
3rd period
10. Sound Tigers , Joe Labate 20 (Brian Ferlin 41, Ben Thomson 26) at 4:10
11. Crunch , Pontus Aberg 42 (Oscar Sundqvist 53) at 6:47 (PP)
12. Sound Tigers , Borna Rendulic 14 (Joey Laleggia 17, Brad Ross 3) at 11:36
13. Crunch , Kevin Fiala 25 (Jeremy Lauzon 31, Chase De Leo 12) at 13:57
14. Sound Tigers , Andrew Shaw 41 (James Sheppard 44, Connor Murphy 54) at 19:10
Penalties :
Matt Tennyson (Syr) for Fighting (Major) at 4:25, Jayson Megna (Sou) for Fighting (Major) at 4:25, Julian Melchiori (Sou) for Hooking (Minor) at 6:40, Dylan McIlrath (Sou) for Hooking (Minor) at 7:12, Brendan Guhle (Syr) for Close Hand On Puck (Minor) at 15:11, Noah Hanifin (Syr) for Roughing (Minor) at 19:51
Overtime #1
15. Crunch , Cody Goloubef 19 (Teemu Hartikainen 25, Jeremy Lauzon 32) at 0:59 (SH)
Penalties :
No Penalty
Goalie Stats
Sean Maguire (Sou), 9 saves from 13 shots - (0.692), OTL, 11-10-2, 40:13 minutes
Leland Irving (Sou), 10 saves from 14 shots - (0.714), 20:34 minutes
Kaapo Kahkonen (Syr), 29 saves from 36 shots - (0.806), W, 9-14-6, 60:59 minutes
Players Stats for Sound Tigers
Player Name G A P +/- PIM S H SB GA TA FO MP PP MP PK MP
------------------------------------------------------------------------------------
Alexander Yelesin 0 0 0 2 0 0 1 0 0 0 0/0 11:50 0:00 1:25
Andrew Shaw 1 1 2 0 0 4 2 0 2 0 1/4 25:17 5:46 2:01
Ben Johnson 0 0 0 -1 0 0 0 0 0 0 3/5 2:20 0:19 0:00
Ben Thomson 1 1 2 -2 0 2 0 0 0 0 0/1 16:22 4:56 0:00
Blake Speers 0 0 0 -1 0 0 0 0 0 0 0/0 0:30 0:01 0:00
Borna Rendulic 3 0 3 3 0 6 2 0 0 0 0/0 8:20 0:01 0:00
Brad Ross 0 1 1 3 0 0 1 0 0 0 0/0 8:21 0:00 0:20
Brian Ferlin 0 2 2 -2 0 3 0 0 0 0 0/0 18:58 4:56 1:57
Cade Fairchild 0 0 0 0 0 0 0 0 0 0 0/0 0:00 0:00 0:00
Connor Murphy 0 2 2 0 0 3 0 1 1 2 0/0 29:30 6:44 2:08
David Broll 0 0 0 0 0 0 0 0 0 0 0/0 0:24 0:00 0:24
Dylan McIlrath 0 0 0 0 2 2 1 2 0 1 0/0 28:17 6:44 0:56
Gabriel Carlsson 0 0 0 2 0 2 0 2 0 0 0/0 10:45 0:00 0:17
Garret Ross 0 0 0 0 0 0 0 0 0 0 0/0 0:00 0:00 0:00
James Livingstone 0 0 0 0 0 2 0 1 0 0 0/0 10:17 0:00 0:52
James Sheppard 1 1 2 0 0 6 5 0 1 1 3/3 23:41 5:46 0:52
Jayson Megna 0 0 0 0 5 0 3 0 0 0 13/31 20:46 5:28 0:00
Joe Labate 1 1 2 -2 0 2 1 0 0 0 5/14 16:22 4:56 0:00
Joey Laleggia 0 1 1 -2 0 0 0 3 0 0 0/0 21:04 3:59 1:17
Julian Melchiori 0 1 1 -2 4 0 2 2 1 0 0/0 20:32 3:59 0:47
Pavel Kraskovsky 0 2 2 3 0 1 1 0 1 0 0/2 8:01 0:00 0:00
Ryan Bourque 0 0 0 0 0 2 3 0 0 0 3/5 9:37 0:00 0:24
Slater Koekkoek 0 0 0 0 0 0 0 0 0 0 0/0 0:00 0:00 0:00
Tyrell Goulbourne 0 0 0 0 0 1 3 0 0 0 0/0 9:13 0:00 0:00
Players Stats for Crunch
Player Name G A P +/- PIM S H SB GA TA FO MP PP MP PK MP
------------------------------------------------------------------------------------
Axel Holmstrom 0 0 0 -2 0 0 0 0 0 0 1/1 7:30 0:00 0:15
Brendan Guhle 0 0 0 -1 2 0 1 1 0 0 0/0 24:35 1:22 3:25
Brock Boeser 0 0 0 0 0 0 1 0 1 0 1/2 16:15 2:04 0:00
Chase De Leo 0 1 1 2 0 0 3 0 0 0 7/10 15:12 0:00 3:27
Cody Goloubef 2 0 2 1 2 4 0 3 0 0 0/0 27:07 0:44 6:16
Dalton Smith 0 1 1 0 0 1 1 0 0 0 0/0 7:31 0:00 0:52
Dylan Strome 0 0 0 -1 4 1 1 0 0 1 11/20 17:15 2:04 1:08
Jacob Larsson 0 0 0 0 0 0 0 1 0 0 0/0 2:00 0:47 0:00
Jeremy Lauzon 0 3 3 0 0 0 1 0 0 0 0/0 22:59 1:31 4:17
Kevin Fiala 1 0 1 1 0 3 0 0 0 0 2/2 12:06 0:00 0:00
Kirill Kaprizov 0 0 0 0 0 0 3 0 0 1 0/3 15:33 0:00 2:51
Matt Tennyson 0 1 1 1 5 0 1 2 0 2 0/0 28:41 0:32 7:38
Nicolas Aube-Kubel 0 0 0 -1 0 1 1 0 0 0 0/0 6:52 0:00 0:00
Noah Hanifin 0 1 1 -1 2 0 0 1 0 0 0/0 15:48 1:54 1:48
Oscar Sundqvist 1 3 4 -1 0 5 5 0 0 1 15/26 21:20 1:21 6:34
Pontus Aberg 2 0 2 0 0 4 0 0 2 1 0/0 13:37 1:21 0:00
Teemu Hartikainen 1 1 2 1 4 5 1 2 1 0 0/1 20:43 2:04 4:33
William Nylander 1 1 2 -1 0 3 2 1 0 0 0/0 17:02 1:21 2:45
3 Stars
1 - Borna Rendulic (Sou)
2 - Oscar Sundqvist (Syr)
3 - Pontus Aberg (Syr)
Power Play
Sound Tigers - 1 on 7 Attempt(s) - 14.29%
Crunch - 2 on 3 Attempt(s) - 66.67%
Penalty Kill
Sound Tigers - 1 on 3 Attempt(s) - 33.33%
- Score 0 goal in Penalty Kill
Crunch - 6 on 7 Attempt(s) - 85.71%
- Score 1 goal in Penalty Kill
Team Stat
Sound Tigers - Hits : 25 - Faceoff Wins : 28 - Blocked Shots : 11 - Penalty Minutes : 11
Crunch - Hits : 21 - Faceoff Wins : 37 - Blocked Shots : 11 - Penalty Minutes : 19
Official
Referees : Unknown
Linesman : Unknown
Game Notes
Jacob Larsson is injured at 6:50 of 1st period (Right Knee)
Sean Maguire enters game at 0:34 of 2nd period
Matt Tennyson and Jayson Megna fight to a draw at 4:25 of 3rd period
Borna Rendulic has scored a Hat Trick!
Finance
Level 1 -- Attendance: 1254 (62.70%) -- Ticket Income $50,160
Level 2 -- Attendance: 688 (68.80%) -- Ticket Income $13,760
Total Attendance: 1942 (64.73%)
Total Ticket Income: $63,920
Other Income: $3,196
Total Income: $67,116
Sound Tigers
5 vs 5 Forward
Center Left Wing Right Wing Time % Phy DF OF
1 Jayson Megna James Sheppard Andrew Shaw 40 1 2 2
2 Joe Labate Ben Thomson Brian Ferlin 30 1 2 2
3 Ryan Bourque Tyrell Goulbourne James Livingstone 20 1 2 2
4 Pavel Kraskovsky Brad Ross Borna Rendulic 10 1 2 2
5 vs 5 Defense
Defense Defense Time % Phy DF OF
1 Connor Murphy Dylan McIlrath 40 1 2 2
2 Julian Melchiori Joey Laleggia 30 1 2 2
3 Gabriel Carlsson Alexander Yelesin 20 1 2 2
4 Connor Murphy Dylan McIlrath 10 1 2 2
PowerPlay Forward
Center Left Wing Right Wing Time % Phy DF OF
1 Jayson Megna James Sheppard Andrew Shaw 60 1 2 2
2 Joe Labate Ben Thomson Brian Ferlin 40 1 2 2
PowerPlay Defense
Defense Defense Time % Phy DF OF
1 Connor Murphy Dylan McIlrath 60 1 2 2
2 Julian Melchiori Joey Laleggia 40 1 2 2
Penalty Kill 4 Players Forward
Center Wing Time % Phy DF OF
1 Andrew Shaw Brian Ferlin 60 1 2 2
2 James Sheppard James Livingstone 40 1 2 2
Penalty Kill 4 Players Defense
Defense Defense Time % Phy DF OF
1 Connor Murphy Dylan McIlrath 60 1 2 2
2 Julian Melchiori Joey Laleggia 40 1 2 2
Penalty Kill - 3 Players Forward
Forward Time % Phy DF OF
1 Andrew Shaw 60 1 2 2
2 Brian Ferlin 40 1 2 2
Penalty Kill - 3 Players Defense
Defense Defense Time % Phy DF OF
1 Connor Murphy Dylan McIlrath 60 1 2 2
2 Julian Melchiori Joey Laleggia 40 1 2 2
4 vs 4 Forward
Center Wing Time % Phy DF OF
1 Andrew Shaw Brian Ferlin 60 1 2 2
2 James Sheppard James Livingstone 40 1 2 2
4 vs 4 Defense
Defense Defense Time % Phy DF OF
1 Connor Murphy Dylan McIlrath 60 1 2 2
2 Julian Melchiori Joey Laleggia 40 1 2 2
Last Minutes Offensive
Center Left Wing Right Wing Defense Defense
Jayson Megna James Sheppard Andrew Shaw Connor Murphy Dylan McIlrath
Last Minutes Defensive
Center Left Wing Right Wing Defense Defense
Jayson Megna James Sheppard Andrew Shaw Connor Murphy Dylan McIlrath
Goaltenders
Starting : Leland Irving
Backup : Sean Maguire
Extra Forwards
Normal : Ben Johnson, Blake Speers, David Broll - PP : Ben Johnson, Blake Speers - PK : David Broll
Extra Defensemen
Normal : Gabriel Carlsson, Alexander Yelesin, Julian Melchiori - PP : Gabriel Carlsson - PK : Alexander Yelesin, Julian Melchiori
Penalty Shots
Andrew Shaw, Brian Ferlin, James Sheppard, James Livingstone, Jayson Megna
Scratches
Chris Driedger (Healthy)
Crunch
5 vs 5 Forward
Center Left Wing Right Wing Time % Phy DF OF
1 Oscar Sundqvist William Nylander Pontus Aberg 30 1 2 2
2 Dylan Strome Teemu Hartikainen Brock Boeser 30 1 2 2
3 Chase De Leo Kirill Kaprizov Kevin Fiala 25 1 2 2
4 Axel Holmstrom Dalton Smith Nicolas Aube-Kubel 15 1 2 2
5 vs 5 Defense
Defense Defense Time % Phy DF OF
1 Matt Tennyson Cody Goloubef 40 1 2 2
2 Brendan Guhle Jeremy Lauzon 30 1 2 2
3 Noah Hanifin Jacob Larsson 20 1 2 2
4 Matt Tennyson Noah Hanifin 10 1 2 2
PowerPlay Forward
Center Left Wing Right Wing Time % Phy DF OF
1 Oscar Sundqvist William Nylander Pontus Aberg 60 1 2 2
2 Dylan Strome Teemu Hartikainen Brock Boeser 40 1 2 2
PowerPlay Defense
Defense Defense Time % Phy DF OF
1 Matt Tennyson Noah Hanifin 60 1 2 2
2 Jacob Larsson Jeremy Lauzon 40 1 2 2
Penalty Kill 4 Players Forward
Center Wing Time % Phy DF OF
1 Oscar Sundqvist Teemu Hartikainen 60 1 2 2
2 Chase De Leo William Nylander 40 1 2 2
Penalty Kill 4 Players Defense
Defense Defense Time % Phy DF OF
1 Matt Tennyson Cody Goloubef 60 1 2 2
2 Brendan Guhle Jeremy Lauzon 40 1 2 2
Penalty Kill - 3 Players Forward
Forward Time % Phy DF OF
1 Oscar Sundqvist 60 1 2 2
2 Teemu Hartikainen 40 1 2 2
Penalty Kill - 3 Players Defense
Defense Defense Time % Phy DF OF
1 Matt Tennyson Cody Goloubef 60 1 2 2
2 Brendan Guhle Jeremy Lauzon 40 1 2 2
4 vs 4 Forward
Center Wing Time % Phy DF OF
1 Oscar Sundqvist Pontus Aberg 60 1 2 2
2 Chase De Leo Teemu Hartikainen 40 1 2 2
4 vs 4 Defense
Defense Defense Time % Phy DF OF
1 Matt Tennyson Noah Hanifin 60 1 2 2
2 Jeremy Lauzon Cody Goloubef 40 1 2 2
Last Minutes Offensive
Center Left Wing Right Wing Defense Defense
Oscar Sundqvist William Nylander Pontus Aberg Jeremy Lauzon Noah Hanifin
Last Minutes Defensive
Center Left Wing Right Wing Defense Defense
Oscar Sundqvist Teemu Hartikainen Kevin Fiala Brendan Guhle Cody Goloubef
Goaltenders
Starting : Kaapo Kahkonen
Backup : Alex Nedeljkovic
Extra Forwards
Normal : William Nylander, Kevin Fiala, Kirill Kaprizov - PP : Nicolas Aube-Kubel, Kevin Fiala - PK : Teemu Hartikainen
Extra Defensemen
Normal : Brendan Guhle, Jeremy Lauzon, Matt Tennyson - PP : Brendan Guhle - PK : Jacob Larsson, Jeremy Lauzon
Penalty Shots
Pontus Aberg, William Nylander, Kirill Kaprizov, Kevin Fiala, Teemu Hartikainen
Scratches
Anthony Cirelli (Bruised Left Leg Injury), Sean Walker (Healthy), Michael Downing (Healthy), Max McCormick (Healthy), Charles-Olivier Roussel (Healthy)
Kyle Capobianco (Healthy), Keegan Iverson (Healthy)
% Time on Ice - Sound Tigers
Lines # - Real PCT - Wanted PCT - Time Play
Normal Forward
1 - 37% - 40% - 16:47
2 - 25% - 30% - 11:29
3 - 20% - 20% - 9:13
4 - 18% - 10% - 8:01
Normal Defense
1 - 40% - 40% - 18:12
2 - 34% - 30% - 15:17
3 - 23% - 20% - 10:25
4 - 4% - 10% - 1:36
PP Forward
1 - 54% - 60% - 5:47
2 - 46% - 40% - 4:56
PP Defense
1 - 63% - 60% - 6:44
2 - 37% - 40% - 3:59
PK Forward
1 - 75% - 60% - 2:33
2 - 25% - 40% - 0:52
PK Defense
1 - 62% - 60% - 2:08
2 - 38% - 40% - 1:17
PK3 Forward
1 - 0% - 60%
2 - 0% - 40%
PK3 Defense
1 - 0% - 60%
2 - 0% - 40%
44 Forward
1 - 85% - 60% - 0:50
2 - 15% - 40% - 0:09
44 Defense
1 - 47% - 60% - 0:28
2 - 53% - 40% - 0:31
Last Minute Offensive - 0:22
Last Minute Defensive - 0:00
Total
Forward - 60:59
Defense - 60:59
|
% Time on Ice - Crunch
Lines # - Real PCT - Wanted PCT - Time Play
Normal Forward
1 - 29% - 30% - 13:19
2 - 30% - 30% - 13:35
3 - 26% - 25% - 11:45
4 - 15% - 15% - 6:52
Normal Defense
1 - 42% - 40% - 19:18
2 - 29% - 30% - 13:19
3 - 22% - 20% - 10:13
4 - 6% - 10% - 2:41
PP Forward
1 - 40% - 60% - 1:21
2 - 60% - 40% - 2:04
PP Defense
1 - 56% - 60% - 1:54
2 - 44% - 40% - 1:31
PK Forward
1 - 76% - 60% - 8:07
2 - 24% - 40% - 2:36
PK Defense
1 - 71% - 60% - 7:38
2 - 29% - 40% - 3:05
PK3 Forward
1 - 100% - 60% - 0:59
2 - 0% - 40% - 0:00
PK3 Defense
1 - 63% - 60% - 0:37
2 - 37% - 40% - 0:22
44 Forward
1 - 0% - 60%
2 - 0% - 40%
44 Defense
1 - 0% - 60%
2 - 0% - 40%
Last Minute Offensive - 0:00
Last Minute Defensive - 0:21
Total
Forward - 60:59
Defense - 60:59
|
Play-by-Play
1st period
0:01 of 1st period - Jayson Megna wins face-off versus Oscar Sundqvist in neutral zone.
0:04 of 1st period - Slapshot by Connor Murphy.
0:04 of 1st period - Shot Blocked by Cody Goloubef.
0:30 of 1st period - Snap shot by James Livingstone.
0:30 of 1st period - Stopped by Kaapo Kahkonen with a rebound.
0:36 of 1st period - James Livingstone is hit by Oscar Sundqvist and loses puck.
0:41 of 1st period - Snap shot by Pontus Aberg.
0:41 of 1st period - Shot Misses the Net.
0:43 of 1st period - Wrist shot by Oscar Sundqvist.
0:43 of 1st period - Shot Misses the Net.
0:45 of 1st period - Wrist shot by William Nylander.
0:45 of 1st period - Stopped by Leland Irving with a rebound.
0:47 of 1st period - Slapshot by Cody Goloubef.
0:47 of 1st period - Stopped by Leland Irving with a rebound.
0:49 of 1st period - Slapshot by Matt Tennyson.
0:49 of 1st period - Shot Blocked by James Livingstone.
0:51 of 1st period - Snap shot by Oscar Sundqvist.
0:51 of 1st period - Stopped by Leland Irving with a rebound.
0:53 of 1st period - Snap shot by Oscar Sundqvist.
0:53 of 1st period - Stopped by Leland Irving with a rebound.
0:55 of 1st period - Snap shot by Cody Goloubef.
0:55 of 1st period - Deflect By Oscar Sundqvist.
0:55 of 1st period - Stopped by Leland Irving with a rebound.
1:01 of 1st period - Snap shot by Pontus Aberg.
1:01 of 1st period - Shot Blocked by Joey Laleggia.
1:06 of 1st period - Minor Penalty to Julian Melchiori for Holding.
1:07 of 1st period - Dylan Strome wins face-off versus Andrew Shaw in Sound Tigers zone.
1:33 of 1st period - Teemu Hartikainen is hit by James Sheppard and loses puck.
1:52 of 1st period - Brian Ferlin is hit by Matt Tennyson and loses puck.
2:11 of 1st period - Snap shot by Teemu Hartikainen.
2:11 of 1st period - Shot Misses the Net.
2:13 of 1st period - Wrist shot by Teemu Hartikainen.
2:13 of 1st period - Shot Misses the Net.
2:15 of 1st period - Wrist shot by Teemu Hartikainen.
2:15 of 1st period - Deflect By Dylan Strome.
2:15 of 1st period - Shot Misses the Net.
2:15 of 1st period - Puck is out of play.
2:16 of 1st period - James Sheppard wins face-off versus Oscar Sundqvist in Sound Tigers zone.
2:25 of 1st period - Snap shot by Oscar Sundqvist.
2:25 of 1st period - Goal by Oscar Sundqvist - Sound Tigers : 0 - Crunch : 1.
2:26 of 1st period - Chase De Leo wins face-off versus Joe Labate in neutral zone.
4:01 of 1st period - Wrist shot by James Livingstone.
4:01 of 1st period - Deflect By Brian Ferlin.
4:01 of 1st period - Stopped by Kaapo Kahkonen without a rebound.
4:02 of 1st period - Joe Labate wins face-off versus Kirill Kaprizov in Crunch zone.
4:15 of 1st period - Backhand shot by Brian Ferlin.
4:15 of 1st period - Stopped by Kaapo Kahkonen with a rebound.
5:37 of 1st period - Off-side.
5:38 of 1st period - Jayson Megna wins face-off versus Teemu Hartikainen in neutral zone.
5:41 of 1st period - Brock Boeser is hit by Andrew Shaw and loses puck.
6:04 of 1st period - Snap shot by Borna Rendulic.
6:04 of 1st period - Shot Misses the Net.
6:06 of 1st period - Snap shot by Borna Rendulic.
6:06 of 1st period - Stopped by Kaapo Kahkonen with a rebound.
6:08 of 1st period - Slapshot by Alexander Yelesin.
6:08 of 1st period - Shot Blocked by Brendan Guhle.
6:48 of 1st period - Snap shot by James Sheppard.
6:48 of 1st period - Shot Misses the Net.
6:50 of 1st period - Snap shot by Andrew Shaw.
6:50 of 1st period - Shot Blocked by Jacob Larsson.
6:50 of 1st period - Jacob Larsson from Crunch is injured at 6:50 of 1st period (Right Knee).
6:51 of 1st period - Jayson Megna wins face-off versus Brock Boeser in Crunch zone.
6:58 of 1st period - Snap shot by Andrew Shaw.
6:58 of 1st period - Stopped by Kaapo Kahkonen with a rebound.
7:00 of 1st period - Wrist shot by Connor Murphy.
7:00 of 1st period - Shot Misses the Net.
7:48 of 1st period - Slapshot by Oscar Sundqvist.
7:48 of 1st period - Shot Misses the Net.
8:16 of 1st period - Slapshot by Dylan Strome.
8:16 of 1st period - Shot Misses the Net.
8:22 of 1st period - Brock Boeser is hit by Tyrell Goulbourne and loses puck.
8:33 of 1st period - Snap shot by Ryan Bourque.
8:33 of 1st period - Stopped by Kaapo Kahkonen without a rebound.
8:34 of 1st period - Oscar Sundqvist wins face-off versus Joe Labate in Crunch zone.
8:59 of 1st period - Axel Holmstrom is hit by Brad Ross and loses puck.
9:39 of 1st period - Andrew Shaw is hit by Oscar Sundqvist and loses puck.
10:21 of 1st period - Snap shot by Oscar Sundqvist.
10:21 of 1st period - Shot Blocked by Joey Laleggia.
10:23 of 1st period - Wrist shot by Oscar Sundqvist.
10:23 of 1st period - Shot Blocked by Julian Melchiori.
10:25 of 1st period - Slapshot by Oscar Sundqvist.
10:25 of 1st period - Shot Misses the Net.
10:27 of 1st period - Snap shot by Oscar Sundqvist.
10:27 of 1st period - Shot Blocked by Julian Melchiori.
10:29 of 1st period - Wrist shot by Oscar Sundqvist.
10:29 of 1st period - Shot Misses the Net.
10:33 of 1st period - Snap shot by Pontus Aberg.
10:33 of 1st period - Stopped by Leland Irving without a rebound.
10:34 of 1st period - Dylan Strome wins face-off versus Joe Labate in Sound Tigers zone.
10:39 of 1st period - Slapshot by Brock Boeser.
10:39 of 1st period - Deflect By Teemu Hartikainen.
10:39 of 1st period - Stopped by Leland Irving with a rebound.
10:41 of 1st period - Snap shot by Teemu Hartikainen.
10:41 of 1st period - Stopped by Leland Irving without a rebound.
10:42 of 1st period - Dylan Strome wins face-off versus Joe Labate in Sound Tigers zone.
11:11 of 1st period - Slapshot by Ryan Bourque.
11:11 of 1st period - Shot Misses the Net.
11:35 of 1st period - Snap shot by Dalton Smith.
11:35 of 1st period - Shot Misses the Net.
11:37 of 1st period - Snap shot by Dalton Smith.
11:37 of 1st period - Shot Misses the Net.
12:09 of 1st period - Snap shot by James Livingstone.
12:09 of 1st period - Shot Blocked by William Nylander.
13:05 of 1st period - Wrist shot by Teemu Hartikainen.
13:05 of 1st period - Stopped by Leland Irving with a rebound.
14:25 of 1st period - Wrist shot by Teemu Hartikainen.
14:25 of 1st period - Goal by Teemu Hartikainen - Sound Tigers : 0 - Crunch : 2.
14:26 of 1st period - Dylan Strome wins face-off versus Jayson Megna in neutral zone.
14:51 of 1st period - Joe Labate is hit by Kirill Kaprizov.
14:59 of 1st period - Snap shot by Ben Thomson.
14:59 of 1st period - Stopped by Kaapo Kahkonen with a rebound.
15:11 of 1st period - Slapshot by Joe Labate.
15:11 of 1st period - Shot Misses the Net.
15:13 of 1st period - Wrist shot by Ryan Bourque.
15:13 of 1st period - Shot Blocked by Matt Tennyson.
15:15 of 1st period - Wrist shot by James Livingstone.
15:15 of 1st period - Shot Misses the Net.
15:17 of 1st period - Snap shot by Gabriel Carlsson.
15:17 of 1st period - Stopped by Kaapo Kahkonen without a rebound.
15:18 of 1st period - Ryan Bourque wins face-off versus Dylan Strome in Crunch zone.
15:19 of 1st period - Slapshot by Connor Murphy.
15:19 of 1st period - Stopped by Kaapo Kahkonen without a rebound.
15:20 of 1st period - Dylan Strome wins face-off versus Jayson Megna in Crunch zone.
15:20 of 1st period - Dylan Strome is hit by James Sheppard.
15:32 of 1st period - Snap shot by Teemu Hartikainen.
15:32 of 1st period - Shot Misses the Net.
15:44 of 1st period - Minor Penalty to Teemu Hartikainen for Slashing.
15:45 of 1st period - Jayson Megna wins face-off versus Kirill Kaprizov in Crunch zone.
15:49 of 1st period - Wrist shot by James Sheppard.
15:49 of 1st period - Stopped by Kaapo Kahkonen with a rebound.
17:44 of 1st period - Penalty to Teemu Hartikainen is over, Teemu Hartikainen is back on ice.
17:49 of 1st period - Oscar Sundqvist is hit by Andrew Shaw and loses puck.
18:35 of 1st period - Teemu Hartikainen is hit by Borna Rendulic and loses puck.
18:50 of 1st period - Nicolas Aube-Kubel is hit by Tyrell Goulbourne and loses puck.
19:09 of 1st period - Snap shot by William Nylander.
19:09 of 1st period - Goal by William Nylander - Sound Tigers : 0 - Crunch : 3.
19:10 of 1st period - Dylan Strome wins face-off versus Jayson Megna in neutral zone.
19:23 of 1st period - Wrist shot by Teemu Hartikainen.
19:23 of 1st period - Shot Blocked by Dylan McIlrath.
19:25 of 1st period - Snap shot by Teemu Hartikainen.
19:25 of 1st period - Shot Misses the Net.
19:32 of 1st period - Icing by Andrew Shaw.
19:33 of 1st period - Axel Holmstrom wins face-off versus Jayson Megna in Sound Tigers zone.
19:34 of 1st period - Wrist shot by Dalton Smith.
19:34 of 1st period - Stopped by Leland Irving without a rebound.
19:35 of 1st period - Kevin Fiala wins face-off versus Jayson Megna in Sound Tigers zone.
19:44 of 1st period - Snap shot by Chase De Leo.
19:44 of 1st period - Shot Misses the Net.
19:46 of 1st period - Snap shot by Kirill Kaprizov.
19:46 of 1st period - Shot Misses the Net.
19:57 of 1st period - Icing by Connor Murphy.
19:58 of 1st period - Oscar Sundqvist wins face-off versus Ben Thomson in Sound Tigers zone.
Goals for this period are 0 for Sound Tigers vs 3 for Crunch.
Shots for this period are 10 for Sound Tigers vs 13 for Crunch.
2nd period
0:01 of 2nd period - Kevin Fiala wins face-off versus Jayson Megna in neutral zone.
0:34 of 2nd period - Wrist shot by Pontus Aberg.
0:34 of 2nd period - Goal by Pontus Aberg - Sound Tigers : 0 - Crunch : 4.
0:34 of 2nd period - Sean Maguire enters game.
0:35 of 2nd period - Jayson Megna wins face-off versus Dylan Strome in neutral zone.
0:44 of 2nd period - Wrist shot by Andrew Shaw.
0:44 of 2nd period - Deflect By Teemu Hartikainen.
0:44 of 2nd period - Shot Misses the Net.
0:44 of 2nd period - Puck is out of play.
0:45 of 2nd period - Dylan Strome wins face-off versus Jayson Megna in Crunch zone.
0:45 of 2nd period - Dylan Strome is hit by James Sheppard.
0:48 of 2nd period - Minor Penalty to Dylan Strome for Hooking.
0:49 of 2nd period - Oscar Sundqvist wins face-off versus Jayson Megna in Crunch zone.
0:49 of 2nd period - Oscar Sundqvist is hit by Jayson Megna.
2:43 of 2nd period - Julian Melchiori is hit by Kirill Kaprizov and loses puck.
2:48 of 2nd period - Penalty to Dylan Strome is over, Dylan Strome is back on ice.
2:55 of 2nd period - Dylan Strome is hit by Julian Melchiori and loses puck.
3:08 of 2nd period - Wrist shot by Brian Ferlin.
3:08 of 2nd period - Shot Misses the Net.
3:10 of 2nd period - Wrist shot by Ben Thomson.
3:10 of 2nd period - Goal by Ben Thomson - Sound Tigers : 1 - Crunch : 4.
3:11 of 2nd period - Jayson Megna wins face-off versus Dylan Strome in neutral zone.
3:38 of 2nd period - Dylan McIlrath is hit by Oscar Sundqvist.
4:29 of 2nd period - Snap shot by Nicolas Aube-Kubel.
4:29 of 2nd period - Stopped by Sean Maguire with a rebound.
4:31 of 2nd period - Wrist shot by Noah Hanifin.
4:31 of 2nd period - Deflect By Nicolas Aube-Kubel.
4:31 of 2nd period - Shot Blocked by Gabriel Carlsson.
4:31 of 2nd period - Puck is out of play.
4:32 of 2nd period - Joe Labate wins face-off versus Dylan Strome in Sound Tigers zone.
4:32 of 2nd period - Joe Labate is hit by Teemu Hartikainen.
4:45 of 2nd period - Minor Penalty to Teemu Hartikainen for Hooking.
4:46 of 2nd period - Oscar Sundqvist wins face-off versus Jayson Megna in Crunch zone.
5:12 of 2nd period - Cody Goloubef is hit by Jayson Megna and loses puck.
5:25 of 2nd period - Wrist shot by James Sheppard.
5:25 of 2nd period - Goal by James Sheppard - Sound Tigers : 2 - Crunch : 4.
5:26 of 2nd period - Joe Labate wins face-off versus Dylan Strome in neutral zone.
5:36 of 2nd period - Minor Penalty to Cody Goloubef for Hooking.
5:37 of 2nd period - Oscar Sundqvist wins face-off versus Jayson Megna in Crunch zone.
5:51 of 2nd period - Wrist shot by James Sheppard.
5:51 of 2nd period - Stopped by Kaapo Kahkonen with a rebound.
5:53 of 2nd period - Slapshot by Connor Murphy.
5:53 of 2nd period - Shot Misses the Net.
7:36 of 2nd period - Penalty to Cody Goloubef is over, Cody Goloubef is back on ice.
8:19 of 2nd period - Julian Melchiori is hit by Dylan Strome.
9:12 of 2nd period - Brad Ross is hit by Kirill Kaprizov and loses puck.
9:23 of 2nd period - Matt Tennyson is hit by Joe Labate and loses puck.
9:43 of 2nd period - Off-side.
9:44 of 2nd period - Ryan Bourque wins face-off versus Dylan Strome in neutral zone.
9:55 of 2nd period - Slapshot by James Livingstone.
9:55 of 2nd period - Stopped by Kaapo Kahkonen without a rebound.
9:56 of 2nd period - Jayson Megna wins face-off versus Chase De Leo in Crunch zone.
10:26 of 2nd period - Joey Laleggia is hit by Oscar Sundqvist and loses puck.
11:07 of 2nd period - Snap shot by Borna Rendulic.
11:07 of 2nd period - Stopped by Kaapo Kahkonen with a rebound.
11:09 of 2nd period - Snap shot by Dylan McIlrath.
11:09 of 2nd period - Stopped by Kaapo Kahkonen without a rebound.
11:10 of 2nd period - Oscar Sundqvist wins face-off versus Jayson Megna in Crunch zone.
11:15 of 2nd period - Snap shot by Cody Goloubef.
11:15 of 2nd period - Goal by Cody Goloubef - Sound Tigers : 2 - Crunch : 5.
11:16 of 2nd period - Oscar Sundqvist wins face-off versus Jayson Megna in neutral zone.
12:07 of 2nd period - Tyrell Goulbourne is hit by Chase De Leo and loses puck.
12:24 of 2nd period - Slapshot by Julian Melchiori.
12:24 of 2nd period - Shot Blocked by Noah Hanifin.
12:26 of 2nd period - Slapshot by Borna Rendulic.
12:26 of 2nd period - Goal by Borna Rendulic - Sound Tigers : 3 - Crunch : 5.
12:27 of 2nd period - Oscar Sundqvist wins face-off versus Jayson Megna in neutral zone.
12:32 of 2nd period - Snap shot by Pontus Aberg.
12:32 of 2nd period - Stopped by Sean Maguire without a rebound.
12:33 of 2nd period - Jayson Megna wins face-off versus Oscar Sundqvist in Sound Tigers zone.
13:05 of 2nd period - Minor Penalty to Dylan Strome for Tripping.
13:06 of 2nd period - Oscar Sundqvist wins face-off versus Jayson Megna in Crunch zone.
13:22 of 2nd period - Wrist shot by Andrew Shaw.
13:22 of 2nd period - Stopped by Kaapo Kahkonen without a rebound.
13:23 of 2nd period - Joe Labate wins face-off versus Oscar Sundqvist in Crunch zone.
13:28 of 2nd period - Snap shot by Joe Labate.
13:28 of 2nd period - Shot Blocked by Cody Goloubef.
13:34 of 2nd period - Wrist shot by Oscar Sundqvist.
13:34 of 2nd period - Stopped by Sean Maguire with a rebound.
15:05 of 2nd period - Penalty to Dylan Strome is over, Dylan Strome is back on ice.
15:16 of 2nd period - Noah Hanifin is hit by Ryan Bourque and loses puck.
15:33 of 2nd period - Wrist shot by Pavel Kraskovsky.
15:33 of 2nd period - Stopped by Kaapo Kahkonen without a rebound.
15:34 of 2nd period - Dylan Strome wins face-off versus Pavel Kraskovsky in Crunch zone.
15:34 of 2nd period - Dylan Strome is hit by Alexander Yelesin.
17:30 of 2nd period - Snap shot by Borna Rendulic.
17:30 of 2nd period - Goal by Borna Rendulic - Sound Tigers : 4 - Crunch : 5.
17:31 of 2nd period - Chase De Leo wins face-off versus Jayson Megna in neutral zone.
18:08 of 2nd period - Slapshot by Pontus Aberg.
18:08 of 2nd period - Shot Blocked by Joey Laleggia.
18:24 of 2nd period - Snap shot by Brian Ferlin.
18:24 of 2nd period - Deflect By Teemu Hartikainen.
18:24 of 2nd period - Shot Misses the Net.
18:24 of 2nd period - Puck is out of play.
18:25 of 2nd period - Dylan Strome wins face-off versus Joe Labate in Crunch zone.
18:52 of 2nd period - James Livingstone is hit by Brendan Guhle and loses puck.
19:20 of 2nd period - Connor Murphy is hit by William Nylander and loses puck.
19:35 of 2nd period - Wrist shot by Andrew Shaw.
19:35 of 2nd period - Shot Blocked by Matt Tennyson.
19:37 of 2nd period - Slapshot by Gabriel Carlsson.
19:37 of 2nd period - Shot Misses the Net.
19:49 of 2nd period - Slapshot by Cody Goloubef.
19:49 of 2nd period - Stopped by Sean Maguire without a rebound.
19:50 of 2nd period - Brock Boeser wins face-off versus Pavel Kraskovsky in Sound Tigers zone.
19:53 of 2nd period - Snap shot by Teemu Hartikainen.
19:53 of 2nd period - Shot Misses the Net.
Goals for this period are 4 for Sound Tigers vs 2 for Crunch.
Shots for this period are 10 for Sound Tigers vs 6 for Crunch.
3rd period
0:01 of 3rd period - Jayson Megna wins face-off versus Kirill Kaprizov in neutral zone.
0:11 of 3rd period - Jayson Megna is hit by Chase De Leo and loses puck.
0:26 of 3rd period - Ben Thomson is hit by Oscar Sundqvist.
0:54 of 3rd period - Teemu Hartikainen is hit by Ryan Bourque and loses puck.
1:53 of 3rd period - Snap shot by Oscar Sundqvist.
1:53 of 3rd period - Shot Blocked by Connor Murphy.
2:17 of 3rd period - Wrist shot by Borna Rendulic.
2:17 of 3rd period - Stopped by Kaapo Kahkonen without a rebound.
2:18 of 3rd period - Jayson Megna wins face-off versus Dylan Strome in Crunch zone.
2:49 of 3rd period - Wrist shot by James Livingstone.
2:49 of 3rd period - Deflect By Tyrell Goulbourne.
2:49 of 3rd period - Stopped by Kaapo Kahkonen with a rebound.
3:00 of 3rd period - Jeremy Lauzon is hit by Tyrell Goulbourne and loses puck.
3:33 of 3rd period - Snap shot by James Sheppard.
3:33 of 3rd period - Stopped by Kaapo Kahkonen without a rebound.
3:34 of 3rd period - Chase De Leo wins face-off versus Jayson Megna in Crunch zone.
4:10 of 3rd period - Snap shot by Joe Labate.
4:10 of 3rd period - Goal by Joe Labate - Sound Tigers : 5 - Crunch : 5.
4:11 of 3rd period - Jayson Megna wins face-off versus Oscar Sundqvist in neutral zone.
4:25 of 3rd period - Matt Tennyson and Jayson Megna fight to a draw.
4:25 of 3rd period - Penalty to Matt Tennyson for Fighting.
4:25 of 3rd period - Penalty to Jayson Megna for Fighting.
4:26 of 3rd period - Ben Johnson wins face-off versus Chase De Leo in Sound Tigers zone.
4:35 of 3rd period - Slapshot by Connor Murphy.
4:35 of 3rd period - Shot Blocked by Cody Goloubef.
4:37 of 3rd period - Slapshot by Connor Murphy.
4:37 of 3rd period - Deflect By Brendan Guhle.
4:37 of 3rd period - Stopped by Kaapo Kahkonen with a rebound.
4:51 of 3rd period - Ben Thomson is hit by William Nylander.
4:55 of 3rd period - Slapshot by Connor Murphy.
4:55 of 3rd period - Stopped by Kaapo Kahkonen with a rebound.
4:57 of 3rd period - Wrist shot by Joe Labate.
4:57 of 3rd period - Stopped by Kaapo Kahkonen without a rebound.
4:58 of 3rd period - Ben Johnson wins face-off versus Oscar Sundqvist in Crunch zone.
5:23 of 3rd period - Off-side.
5:24 of 3rd period - Chase De Leo wins face-off versus Joe Labate in neutral zone.
6:23 of 3rd period - Wrist shot by Brian Ferlin.
6:23 of 3rd period - Deflect By Ben Thomson.
6:23 of 3rd period - Shot Misses the Net.
6:23 of 3rd period - Puck is out of play.
6:24 of 3rd period - Dylan Strome wins face-off versus Ben Johnson in Crunch zone.
6:26 of 3rd period - Teemu Hartikainen is hit by James Sheppard and loses puck.
6:31 of 3rd period - Snap shot by Dylan Strome.
6:31 of 3rd period - Stopped by Sean Maguire with a rebound.
6:33 of 3rd period - Slapshot by Dylan Strome.
6:33 of 3rd period - Shot Misses the Net.
6:37 of 3rd period - Slapshot by Teemu Hartikainen.
6:37 of 3rd period - Stopped by Sean Maguire without a rebound.
6:38 of 3rd period - Ben Johnson wins face-off versus Oscar Sundqvist in Sound Tigers zone.
6:40 of 3rd period - Minor Penalty to Julian Melchiori for Hooking.
6:41 of 3rd period - Oscar Sundqvist wins face-off versus Andrew Shaw in Sound Tigers zone.
6:47 of 3rd period - Snap shot by Pontus Aberg.
6:47 of 3rd period - Goal by Pontus Aberg - Sound Tigers : 5 - Crunch : 6.
6:48 of 3rd period - Dylan Strome wins face-off versus Ben Johnson in neutral zone.
6:57 of 3rd period - Brock Boeser is hit by Dylan McIlrath and loses puck.
7:12 of 3rd period - Minor Penalty to Dylan McIlrath for Hooking.
7:13 of 3rd period - Andrew Shaw wins face-off versus Oscar Sundqvist in Sound Tigers zone.
8:17 of 3rd period - Slapshot by Joey Laleggia.
8:17 of 3rd period - Shot Blocked by Teemu Hartikainen.
8:53 of 3rd period - Oscar Sundqvist is hit by Ryan Bourque and loses puck.
9:12 of 3rd period - Penalty to Dylan McIlrath is over, Dylan McIlrath is back on ice.
9:20 of 3rd period - Julian Melchiori is hit by Chase De Leo and loses puck.
9:39 of 3rd period - Julian Melchiori is hit by Dalton Smith and loses puck.
10:44 of 3rd period - Snap shot by Dylan McIlrath.
10:44 of 3rd period - Stopped by Kaapo Kahkonen without a rebound.
10:45 of 3rd period - Chase De Leo wins face-off versus Joe Labate in Crunch zone.
11:29 of 3rd period - Teemu Hartikainen is hit by Borna Rendulic and loses puck.
11:34 of 3rd period - Wrist shot by Borna Rendulic.
11:34 of 3rd period - Shot Blocked by Teemu Hartikainen.
11:36 of 3rd period - Slapshot by Joey Laleggia.
11:36 of 3rd period - Deflect By Borna Rendulic.
11:36 of 3rd period - Goal by Borna Rendulic - Sound Tigers : 6 - Crunch : 6.
11:37 of 3rd period - Oscar Sundqvist wins face-off versus Jayson Megna in neutral zone.
12:10 of 3rd period - Off-side.
12:11 of 3rd period - James Sheppard wins face-off versus Dylan Strome in neutral zone.
12:20 of 3rd period - Wrist shot by Andrew Shaw.
12:20 of 3rd period - Deflect By Cody Goloubef.
12:20 of 3rd period - Stopped by Kaapo Kahkonen with a rebound.
12:47 of 3rd period - Slapshot by Cody Goloubef.
12:47 of 3rd period - Shot Misses the Net.
12:49 of 3rd period - Wrist shot by Kevin Fiala.
12:49 of 3rd period - Stopped by Sean Maguire without a rebound.
12:50 of 3rd period - Oscar Sundqvist wins face-off versus Ryan Bourque in Sound Tigers zone.
13:05 of 3rd period - Slapshot by Ryan Bourque.
13:05 of 3rd period - Stopped by Kaapo Kahkonen without a rebound.
13:06 of 3rd period - Jayson Megna wins face-off versus Dylan Strome in Crunch zone.
13:17 of 3rd period - Snap shot by James Sheppard.
13:17 of 3rd period - Stopped by Kaapo Kahkonen without a rebound.
13:18 of 3rd period - Jayson Megna wins face-off versus Oscar Sundqvist in Crunch zone.
13:49 of 3rd period - Brian Ferlin is hit by Brock Boeser and loses puck.
13:53 of 3rd period - Icing by Connor Murphy.
13:54 of 3rd period - Chase De Leo wins face-off versus Joe Labate in Sound Tigers zone.
13:55 of 3rd period - Wrist shot by Kevin Fiala.
13:55 of 3rd period - Stopped by Sean Maguire with a rebound.
13:57 of 3rd period - Slapshot by Jeremy Lauzon.
13:57 of 3rd period - Deflect By Kevin Fiala.
13:57 of 3rd period - Goal by Kevin Fiala - Sound Tigers : 6 - Crunch : 7.
13:58 of 3rd period - Oscar Sundqvist wins face-off versus Jayson Megna in neutral zone.
14:29 of 3rd period - Cody Goloubef is hit by Julian Melchiori and loses puck.
15:04 of 3rd period - Slapshot by Andrew Shaw.
15:04 of 3rd period - Shot Misses the Net.
15:06 of 3rd period - Wrist shot by Gabriel Carlsson.
15:06 of 3rd period - Stopped by Kaapo Kahkonen with a rebound.
15:08 of 3rd period - Snap shot by James Sheppard.
15:08 of 3rd period - Deflect By Matt Tennyson.
15:08 of 3rd period - Stopped by Kaapo Kahkonen without a rebound.
15:09 of 3rd period - Chase De Leo wins face-off versus Ryan Bourque in Crunch zone.
15:11 of 3rd period - Minor Penalty to Brendan Guhle for Close Hand On Puck.
15:12 of 3rd period - Joe Labate wins face-off versus Oscar Sundqvist in Crunch zone.
15:18 of 3rd period - Snap shot by Brian Ferlin.
15:18 of 3rd period - Stopped by Kaapo Kahkonen with a rebound.
15:47 of 3rd period - Snap shot by William Nylander.
15:47 of 3rd period - Stopped by Sean Maguire with a rebound.
15:49 of 3rd period - Wrist shot by William Nylander.
15:49 of 3rd period - Deflect By Chase De Leo.
15:49 of 3rd period - Shot Blocked by Dylan McIlrath.
15:49 of 3rd period - Puck is out of play.
15:50 of 3rd period - Oscar Sundqvist wins face-off versus Joe Labate in Sound Tigers zone.
15:51 of 3rd period - Wrist shot by Teemu Hartikainen.
15:51 of 3rd period - Shot Misses the Net.
17:11 of 3rd period - Penalty to Brendan Guhle is over, Brendan Guhle is back on ice.
17:50 of 3rd period - Snap shot by Teemu Hartikainen.
17:50 of 3rd period - Shot Blocked by Gabriel Carlsson.
18:18 of 3rd period - Jeremy Lauzon is hit by Pavel Kraskovsky and loses puck.
18:25 of 3rd period - Connor Murphy is hit by Jeremy Lauzon and loses puck.
18:44 of 3rd period - Jeremy Lauzon is hit by James Sheppard and loses puck.
18:55 of 3rd period - Noah Hanifin is hit by Jayson Megna and loses puck.
18:58 of 3rd period - Sound Tigers, Sean Maguire is pulled from the net.
19:10 of 3rd period - Snap shot by Andrew Shaw.
19:10 of 3rd period - Goal by Andrew Shaw - Sound Tigers : 7 - Crunch : 7.
19:10 of 3rd period - Sean Maguire from Sound Tigers was sent back in the game.
19:11 of 3rd period - Ryan Bourque wins face-off versus Chase De Leo in neutral zone.
19:36 of 3rd period - Julian Melchiori is hit by Nicolas Aube-Kubel and loses puck.
19:51 of 3rd period - Minor Penalty to Noah Hanifin for Roughing.
19:52 of 3rd period - James Sheppard wins face-off versus Oscar Sundqvist in Crunch zone.
19:59 of 3rd period - Wrist shot by Andrew Shaw.
19:59 of 3rd period - Deflect By James Sheppard.
19:59 of 3rd period - Shot Misses the Net.
19:59 of 3rd period - Puck is out of play.
Goals for this period are 3 for Sound Tigers vs 2 for Crunch.
Shots for this period are 16 for Sound Tigers vs 7 for Crunch.
Overtime #1
0:01 of 1st overtime period - Oscar Sundqvist wins face-off versus Andrew Shaw in neutral zone.
0:59 of 1st overtime period - Slapshot by Cody Goloubef.
0:59 of 1st overtime period - Goal by Cody Goloubef - Sound Tigers : 7 - Crunch : 8.
Goals for this period are 0 for Sound Tigers vs 1 for Crunch.
Shots for this period are 0 for Sound Tigers vs 1 for Crunch.